 Dungeon Crawl Stone Soup version 0.32-a0-391-gce5c0aab1b (webtiles) character file.

Game seed: 9012054284469363881

10 Bravepunisher the Changeling (level 2, -1/14 HPs)
             Began as a Spriggan Shapeshifter on Feb 19, 2024.
             Shot with an arrow by a centaur (7 damage)
             ... on level 5 of the Dungeon.
             The game lasted 00:01:49 (416 turns).

Bravepunisher the Changeling (Spriggan Shapeshifter) Turns: 416, Time: 00:01:49

Health: -1/14      AC:  2    Str: 10    XL:     2   Next: 10%
Magic:  3/3        EV: 17    Int: 11    God:
Gold:   34         SH:  0    Dex: 14    Spells: 1/1 levels left

rFire   . .          .
                       - Unarmed
rCold   . . .        (no shield)
rNeg    . . .        a - +0 animal skin
rPois   .            (helmet currently unavailable)
rElec   .            (cloak currently unavailable)
rCorr   .            (gloves unavailable)
SInv    +            (boots unavailable)
Will    .....        (no amulet)
Stlth   +            (no ring)
HPRegen 0.22/turn    (no ring)
MPRegen 0.08/turn

%: no passive effects
@: lethally poisoned (-1 -> -5), beast-form, very quick
A: beast (slay +2), very small, no large weapons, unfitting armour, see
invisible, speed 3
a: Begin Untransformation


You were on level 5 of the Dungeon.
You were a hulking beast.
You visited 1 branch of the dungeon, and saw 5 of its levels.

You collected 34 gold pieces.

Inventory:

Armour
 a - a +0 animal skin (worn)
Jewellery
 h - a +6 ring of dexterity
Talismans
 c - a beast talisman (active)
 d - a flux talisman
Potions
 b - a potion of lignification
 e - a potion of mutation {unknown}
 f - 2 potions of berserk rage {unknown}
 g - a potion of might {unknown}


   Skills:
 * Level 1.3 Fighting
 + Level 3.0 Dodging
 - Level 2.4 Unarmed Combat
 + Level 4.1 Shapeshifting


You had one spell level left.
You didn't know any spells.
Your spell library was empty.

Dungeon Overview and Level Annotations

Branches:
Dungeon (5/15)
 Temple: D:4-7

Altars:
Cheibriados
Elyvilon

Annotations:
D:4 Edmund, Pikel


Innate Abilities, Weirdness & Mutations

You are a hulking beast.
Your limbs bulge with bestial killing power. (Slay +2)
You are very small and have problems with some larger weapons.
You are too small for most types of armour.
You have supernaturally acute eyesight. (SInv)
You cover ground extremely quickly. (Speed+++)


Message History

The hound barks!
You hear a shout! x2
Found a stone staircase leading up.
Found 11 gold pieces.
A gnoll comes into view. It is wielding a +0 flail.
Found a chain mail.
Found a stone staircase leading down.
The gnoll shouts!
A black bear comes into view.
A gnoll comes into view.
It is wielding a +0 spear. 2 gnolls come into view.
Found a scroll labelled ECIEMOECZI.
Found a stone staircase leading down.
The gnoll shouts!
You hear a shout!
The hound stops to sniff the ground.
You now have 34 gold pieces (gained 11).
Found a stone staircase leading down.
An orc comes into view. It is wielding a +0 short sword.
The orc shouts!
You open the large door.
A centaur comes into view.
The centaur shouts!
You hear a shout! x2
The centaur wields a +0 orcbow.
The centaur shoots an arrow.
The arrow closely misses you.
An orc comes into view. It is wielding a +0 whip.
The orc shouts!
The centaur shoots an arrow.
The arrow closely misses you.
There is a large open door here.
A troll comes into view.
A kobold brigand comes into view.
It is wielding a +0 dagger and quivering poisoned darts.
The centaur shoots an arrow.
The arrow completely misses you.
The centaur unwields a +0 orcbow.
The centaur closely misses you. The centaur misses you.
The kobold brigand throws a poisoned dart.
The poisoned dart hits you!
You are poisoned.
Found 10 gold pieces.
You feel sick.
You feel sick.
The centaur wields a +0 orcbow.
The centaur shoots an arrow.
The arrow barely misses you.
Found 9 gold pieces.
You feel sick.
The centaur shoots an arrow.
The arrow hits you!
Ouch! That really hurt!
You die...

##. #........... #.
#........... #g
#.......♣$$ .. #.
#........♣ .... #.
#........♣♣..... #g
#.......♣..♣.....
#.
#.........K.......
##
#...h..T..........
##................
##....c.........###
##...o........##.##
##..........##$...
##..o.....##..##.
.####''####..####
........h....##
#..>...........#


You could see a troll, a kobold brigand, a centaur, a hound and 2 orcs.

Vanquished Creatures
  A giant cockroach (D:3)
  A goblin (D:1)
  2 ball pythons (D:1)
  A bat (D:1)
  A rat (D:1)
6 creatures vanquished.

Notes
Turn   | Place    | Note
-------+----------+-------------------------------------------
     0 | D:1      | Bravepunisher the Spriggan Shapeshifter began the quest for
                  | the Orb.
     0 | D:1      | Reached XP level 1. HP: 9/9 MP: 2/2
    15 | D:1      | Reached skill level 1 in Fighting
    52 | D:1      | Reached XP level 2. HP: 14/14 MP: 3/3
   277 | D:4      | Found a snail-covered altar of Cheibriados.
   292 | D:4      | Found a white marble altar of Elyvilon.
   292 | D:4      | Noticed Edmund
   294 | D:4      | Noticed an ogre
   317 | D:4      | Noticed a lemure
   317 | D:4      | Noticed a lemure
   318 | D:4      | Noticed Pikel
   318 | D:4      | Noticed a lemure
   319 | D:4      | Noticed a lemure
   352 | D:5      | Entered Level 5 of the Dungeon
   354 | D:5      | Noticed an ogre
   366 | D:5      | Noticed a black bear
   381 | D:5      | Noticed a black bear
   409 | D:5      | Noticed a centaur
   411 | D:5      | Noticed a troll
   411 | D:5      | Noticed a kobold brigand
   416 | D:5      | Shot with an arrow by a centaur

Illustrated notes

Levels and vault maps discovered:
D:1:      heliophobic_arrival_enchanted_forest, layout_rooms,
          grunt_decor_junction
D:2:      layout_basic, shapermc_ecumenical_altar_mp_urbaneastern
D:3:      layout_loops_corners, nicolae_twisty_statue_hallways, uniq_grinder
D:4:      cheibrodos_helix_gallery, layout_rooms,
          mainiacjoe_overflow_catch_the_wave, tgw_kikubaaqudgha,
          minmay_temple_entry_wispy, uniq_pikel, uniq_edmund
D:5:      kennysheep_big_flooded_room, layout_rooms,
          nicolae_ossuary_entry_catacombs, bh_walls_and_bars,
          uniq_crazy_yiuf_cottage

Skill      XL: |  1 |
---------------+----+-----
Fighting       | 1 |  1.3
Dodging        | 3 |  3.0
Unarmed Combat | |  2.4
Shapeshifting  | |  4.1

Action                     || total
---------------------------++-------
  Melee: Unarmed           ||    18
   Stab: Sleeping          ||     1
 Armour: Animal skin       ||    16
  Dodge: Dodged            ||    37

Table legend: (Time is in decaauts)
 A = Elapsed time spent in this place.
 B = Non-inter-level travel time spent in this place.
 C = Inter-level travel time spent in this place.
 D = Time resting spent in this place.
 E = Time spent auto-exploring this place.
 F = Levels seen in this place.
 G = Mean time per level.
                   A        B        C        D        E       F      G
               +--------+--------+--------+--------+--------+-----+--------+
         Total |    264 |    264 |      0 |      0 |     95 |   5 |   52.8 |
       Dungeon |    264 |    264 |      0 |      0 |     95 |   5 |   52.8 |
               +--------+--------+--------+--------+--------+-----+--------+

Top non-repeatable levels by time:
     D:1: 70 daAuts
     D:4: 58 daAuts
     D:3: 56 daAuts
     D:5: 39 daAuts
     D:2: 39 daAuts
